 Dungeon Crawl Stone Soup version 0.19.1 (webtiles) character file.

13092 JiminyMac the Fighter (level 11, -1/108 (110) HPs)
             Began as a Minotaur Berserker on Apr 28, 2017.
             Was a High Priest of Trog.
             Slain by an orc priest
             ... wielding a +0 dagger
              (4 damage)
             ... on level 11 of the Dungeon.
             The game lasted 00:48:22 (12118 turns).

JiminyMac the Fighter (Minotaur Berserker)         Turns: 12118, Time: 00:48:22

HP:   -1/108 (110)  AC: 17    Str: 21 (24) XL:     11   Next: 71%
MP:   10/10         EV:  7    Int:  3 (4)  God:    Trog [*****.]
Gold: 536           SH:  0    Dex: 10 (11) Spells: 0 memorised, 10 levels left

rFire  . . .     SeeInvis .     R - +7 battleaxe
rCold  . . .     Gourm    +     u - +0 plate armour
rNeg   . . .     Faith    .     (shield currently unavailable)
rPois  +         Spirit   .     (helmet restricted)
rElec  .         Reflect  .     X - +0 cloak
rCorr  .         Harm     .     I - +0 pair of gloves
MR     .....                    (no boots)
Stlth  ..........               f - amulet of the gourmand
                                j - ring of poison resistance
                                o - +3 ring of slaying

@: no status effects
A: retaliatory headbutt, horns 2
a: Berserk, Trog's Hand, Brothers in Arms, Burn Spellbooks, Renounce Religion


You were on level 11 of the Dungeon.
You worshipped Trog.
Trog was extremely pleased with you.
You were not hungry.

You visited 1 branch of the dungeon, and saw 11 of its levels.

You collected 536 gold pieces.

Inventory:

Hand Weapons
 g - a +4 war axe
 m - a +4 flail
 R - a +7 battleaxe (weapon)
 Y - a +2 antimagic broad axe
Armour
 u - a +0 plate armour (worn)
 I - a +0 pair of gloves (worn)
 U - a +3 ring mail of poison resistance
 X - a +0 cloak (worn)
Jewellery
 f - an amulet of the gourmand (around neck)
 j - a ring of poison resistance (right hand)
 o - a +3 ring of slaying (left hand)
 y - an uncursed ring of flight
 G - an uncursed amulet of harm
 H - an uncursed ring of protection from fire
Wands
 b - a wand of confusion (23/48)
 E - a wand of iceblast (8/15)
 F - a wand of paralysis (16/24)
 O - a wand of lightning (7/15)
 V - a wand of iceblast (6/15)
Scrolls
 a - 3 scrolls of enchant armour {unknown}
 e - 9 scrolls of identify
 h - 2 scrolls of remove curse
 n - a scroll of magic mapping {unknown}
 q - a scroll of noise {unknown}
 v - 2 scrolls of fog {unknown}
 w - a scroll of blinking {unknown}
 z - 2 scrolls of enchant weapon
 A - 2 scrolls of random uselessness {unknown}
 K - a scroll of fear {unknown}
 N - a scroll of teleportation {unknown}
 P - a scroll of holy word {unknown}
 T - a scroll of recharging {unknown}
Potions
 l - 4 potions of degeneration
 r - 3 potions of agility {unknown}
 s - 4 potions of curing {unknown}
 t - 4 potions of lignification {unknown}
 x - 4 potions of magic {unknown}
 B - 4 potions of heal wounds {unknown}
 C - a potion of beneficial mutation {unknown}
 D - a potion of might {unknown}
 Q - a potion of cure mutation {unknown}
 S - 2 potions of haste {unknown}
Books
 J - a book of Changes

   Spells                             Type                      Level
   a - Beastly Appendage              Transmutation                1
   b - Sticks to Snakes               Transmutation                2
   c - Spider Form                    Transmutation/Poison         3
   d - Ice Form                       Ice/Transmutation            4
   e - Blade Hands                    Transmutation                5
   Trog disapproves of the use of such an item.
 W - a book of Flames

   Spells                             Type                      Level
   a - Flame Tongue                   Conjuration/Fire             1
   b - Throw Flame                    Conjuration/Fire             2
   c - Conjure Flame                  Conjuration/Fire             3
   d - Inner Flame                    Hexes/Fire                   3
   e - Sticky Flame                   Conjuration/Fire             4
   f - Fireball                       Conjuration/Fire             5
   Trog disapproves of the use of such an item.
Miscellaneous
 d - a phantom mirror
Comestibles
 c - 9 bread rations
 i - 2 slices of pizza
 k - 4 meat rations
 p - 3 beef jerkies
 L - a fruit
 M - a royal jelly
 Z - 5 chunks of flesh


   Skills:
 * Level 14.1 Fighting
 * Level 14.0(14.1) Axes
 - Level 3.6(10.0) Maces & Flails
 + Level 10.0 Armour
 - Level 2.3 Dodging


You had 10 spell levels left.
You didn't know any spells.

Dungeon Overview and Level Annotations

Branches:
Dungeon (11/15)            Temple (0/1) D:5            Lair (0/6) D:10
    Orc: D:9-12

Altars:
Hepliaklqana
Makhleb
Nemelex Xobeh
Okawaru
Qazlal
Sif Muna
Trog
Uskayaw
Xom
The Shining One

Shops:
D:10 ?


Innate Abilities, Weirdness & Mutations

You reflexively headbutt those who attack you in melee.
You have a pair of horns on your head.


Message History

The orc priest invokes the aid of Beogh against you.
Beogh smites you!
The orc warrior hits you with a dire flail.
You hit the orc warrior.
The orc warrior is heavily wounded.
The orc warrior hits you with a dire flail!
* * * LOW HITPOINT WARNING * * *
Your plate armour prevents you from hitting the orc warrior.
The orc warrior is heavily wounded.
The orc priest mumbles some strange prayers to Beogh against you.
Beogh smites you!
* * * LOW HITPOINT WARNING * * *
The orc warrior hits you with a dire flail!
* * * LOW HITPOINT WARNING * * *
You hear a screech!
It was a potion of degeneration.
There was something very wrong with that liquid.
You feel weakened.
You feel dopey.
You feel clumsy. The orc priest hits you with a dagger.
You die...

###.... ....# #.....#
.... #)###.# ...
###).<#.# ... ##........
#######'## .##........
......... ........>...
........####..#.........
......o@................
....o.o......<..#+##+#'#
....##...............#.#
... #..............%#.#
? #...............#.#
#...............#.#
#...............#.#
###'#.............#
#.#...........###


You could see an orc warrior and 2 orc priests.

Vanquished Creatures
  Erolcha (D:10)
  Urug (D:10)
  2 unseen horrors
  2 hill giants
  Joseph (D:7)
  Psyche (D:7)
  A hornet (D:4)
  A troll (D:8)
  2 two-headed ogres
  2 hippogriffs
  A spriggan (D:9)
  6 yaks (D:9)
  A wyvern (D:8)
  A hungry ghost (D:10)
  4 wraiths (D:10)
  A mottled dragon (D:7)
  A soldier ant (D:11)
  2 water moccasins
  6 orc warriors
  An ice beast (D:5)
  3 sky beasts
  3 phantoms
  3 hornet zombies
  4 necrophages (D:9)
  4 ogres
  2 centaurs
  A crocodile (D:11)
  A big kobold (D:9)
  4 bullfrogs
  18 killer bees
  4 scorpions
  11 wights
  6 howler monkeys
  3 jellies
  3 crimson imps
  5 hounds
  A bullfrog zombie (D:9)
  11 orc wizards
  Crazy Yiuf (D:5)
  5 orc priests
  Ijyb (D:2)
  5 worker ants
  A hound skeleton (D:8)
  3 worker ant zombies
  7 adders
  6 gnolls
  2 shadow imps
  2 adder zombies
  An adder skeleton (D:5)
  A worm (D:4)
  4 dart slugs (D:1)
  4 leopard geckos
  46 orcs
  4 giant cockroaches
  17 goblins
  10 hobgoblins
  6 jackals
  4 quokkas
  3 bats
  6 frilled lizards
  10 kobolds
  A leopard gecko skeleton (D:5)
  A quokka skeleton (D:8)
  A quokka zombie (D:7)
  7 rats
  A withered plant (D:9)
285 creatures vanquished.

Notes
Turn   | Place    | Note
-------+----------+-------------------------------------------
     0 | D:1      | JiminyMac the Minotaur Berserker began the quest for the Orb.
     0 | D:1      | Reached XP level 1. HP: 19/19 MP: 0/0
   253 | D:1      | Reached XP level 2. HP: 27/27 MP: 1/1
   823 | D:1      | Reached XP level 3. HP: 33/33 MP: 2/2
  1283 | D:2      | Reached ** piety under Trog
  1580 | D:2      | Reached skill level 5 in Axes
  1580 | D:2      | Reached XP level 4. HP: 41/41 MP: 3/3
  1610 | D:2      | You fall through a shaft for 2 floors!
  1811 | D:3      | Noticed a two-headed ogre
  1819 | D:3      | Killed a two-headed ogre
  1819 | D:3      | Reached skill level 5 in Fighting
  1819 | D:3      | Reached XP level 5. HP: 50/50 MP: 4/4
  1819 | D:3      | Reached XP level 6. HP: 57/57 MP: 5/5
  1862 | D:3      | Found a sparkling altar of Nemelex Xobeh.
  2246 | D:2      | Noticed Ijyb
  2258 | D:2      | Killed Ijyb
  2695 | D:3      | Reached *** piety under Trog
  2909 | D:3      | Found a glowing golden altar of the Shining One.
  2909 | D:3      | Found a hazy altar of Hepliaklqana.
  3105 | D:4      | Reached XP level 7. HP: 64/64 MP: 6/6
  3611 | D:4      | Found a burning altar of Makhleb.
  3666 | D:4      | Noticed a hornet
  3671 | D:4      | Killed a hornet
  3801 | D:5      | Entered Level 5 of the Dungeon
  3960 | D:5      | Found a bloodstained altar of Trog.
  3998 | D:5      | Reached skill level 5 in Armour
  4181 | D:5      | Reached XP level 8. HP: 55/74 MP: 7/7
  4392 | D:5      | Found a staircase to the Ecumenical Temple.
  4829 | D:5      | Found a runed door.
  4833 | D:5      | Noticed Crazy Yiuf
  4836 | D:5      | Killed Crazy Yiuf
  5075 | D:6      | Found an iron altar of Okawaru.
  6021 | D:7      | Reached **** piety under Trog
  6081 | D:7      | Noticed Joseph
  6083 | D:7      | Paralysed by Joseph for 2 turns
  6094 | D:7      | Killed Joseph
  6094 | D:7      | Reached skill level 10 in Fighting
  6094 | D:7      | Reached XP level 9. HP: 74/85 MP: 8/8
  6210 | D:7      | Noticed a hill giant
  6220 | D:7      | Killed a hill giant
  6220 | D:7      | Reached skill level 10 in Axes
  6897 | D:7      | Found a shimmering altar of Xom.
  6899 | D:7      | Found a deep blue altar of Sif Muna.
  6899 | D:7      | Found a blossoming altar of Fedhas.
  6901 | D:7      | Found a glowing golden altar of the Shining One.
  6901 | D:7      | Found a basalt altar of Yredelemnul.
  6901 | D:7      | Found a shadowy altar of Dithmenos.
  7021 | D:7      | Killed an unseen horror
  7021 | D:7      | Reached XP level 10. HP: 50/96 MP: 9/9
  7427 | D:7      | Found a hide-covered altar of Uskayaw.
  7427 | D:7      | Found a stormy altar of Qazlal.
  7428 | D:7      | Found a deep blue altar of Sif Muna.
  7543 | D:8      | Noticed Psyche
  7550 | D:7      | Killed Psyche
  9538 | D:9      | Reached ***** piety under Trog
  9706 | D:9      | Reached XP level 11. HP: 86/104 MP: 10/10
  9966 | D:9      | Found a sparkling altar of Nemelex Xobeh.
 10312 | D:10     | Entered Level 10 of the Dungeon
 10371 | D:10     | Noticed Urug
 10384 | D:10     | Killed Urug
 10721 | D:10     | Noticed Erolcha
 10733 | D:10     | Killed Erolcha
 11047 | D:10     | Found a staircase to the Lair.
 11076 | D:10     | Found Echucze's Magic Scroll Emporium.
 11101 | D:10     | Received a gift from Trog
 11763 | D:11     | Received a gift from Trog
 11962 | D:11     | Killed an unseen horror
 12092 | D:11     | Noticed a hill giant
 12095 | D:11     | Killed a hill giant
 12095 | D:11     | Reached skill level 10 in Armour
 12117 | D:11     | HP: 3/108 [orc warrior/dire flail (7)]
 12118 | D:11     | Slain by an orc priest

Skill      XL: |  1  2  3  4  5  6  7  8  9 10 11 |
---------------+----------------------------------+-----
Axes           | 4 5 7 9 10 12 14 | 14.0
Fighting       | 4 5 6 8 10 11 12 14 | 14.1
Maces & Flails | 3 |  3.6
Armour         | 3 4 5 6 7 9 10 | 10.0
Dodging        | |  2.3

Action                   |  1- 3 |  4- 6 |  7- 9 | 10-12 || total
-------------------------+-------+-------+-------+-------++-------
Melee: Hand axe          |    68 |     2 |       |       ||    70
       Headbutt          |    12 |    11 |    35 |    48 ||   106
       Flail             |       |    60 |       |       ||    60
       War axe           |       |    22 |   157 |   161 ||   340
       Battleaxe         |       |       |       |   118 ||   118
Invok: Berserk           |     1 |     1 |     3 |     7 ||    12
  Use: Scroll            |       |     3 |       |     2 ||     5
       Potion            |       |       |       |     1 ||     1
  Eat: Chunk             |    12 |     6 |    21 |    18 ||    57
Armor: Animal skin       |     5 |       |       |       ||     5
       Plate armour      |    16 |    55 |   122 |   240 ||   433
Dodge: Dodged            |    38 |    29 |    51 |   133 ||   251
